 Dungeon Crawl Stone Soup version 0.30-a0-358-g0d69a1922f (webtiles) character file.

Game seed: 10748568130774736058

59 p00ps00p the Trooper (level 4, -3/40 HPs)
             Began as a Hill Orc Fighter on Nov 8, 2022.
             Slain by a gnoll
             ... wielding a +0 flail
              (8 damage)
             ... on level 2 of the Dungeon.
             The game lasted 00:03:11 (1301 turns).

p00ps00p the Trooper (Hill Orc Fighter)             Turns: 1301, Time: 00:03:13

Health: -3/40      AC:  7    Str: 20    XL:     4   Next: 3%
Magic:  4/4        EV:  9    Int:  8    God:
Gold:   23         SH:  5    Dex: 10    Spells: 3/3 levels left

rFire   . . .      SeeInvis .    a - +0 war axe
rCold   . . .      Faith    .    c - +1 buckler
rNeg    . . .      Spirit   .    b - +0 scale mail
rPois   .          Reflect  .    (no helmet)
rElec   .          Harm     .    (no cloak)
rCorr   .          Rampage  .    (no gloves)
Will    .....                    (no boots)
Stlth   ..........               (no amulet)
HPRegen 0.26/turn                (no ring)
MPRegen 0.09/turn                (no ring)

@: mighty
A: no striking features
a: no special abilities


You were on level 2 of the Dungeon.
You visited 1 branch of the dungeon, and saw 2 of its levels.

You collected 23 gold pieces.

Inventory:

Hand Weapons
 a - a +0 war axe (weapon)
Missiles
 i - 2 atropa-tipped darts (quivered)
Armour
 b - a +0 scale mail (worn)
 c - a +1 buckler (worn)
Scrolls
 f - a scroll of fog {unknown}
 h - a scroll of identify {unknown}
Potions
 d - a potion of might
 e - a potion of curing {unknown}
 g - 3 potions of degeneration {unknown}


   Skills:
 + Level 4.3 Fighting
 + Level 3.6 Axes
 + Level 3.8 Armour
 + Level 3.8 Shields


You had 3 spell levels left.
You didn't know any spells.
Your spell library was empty.

Dungeon Overview and Level Annotations

Branches:
Dungeon (2/15)

Altars:

Shops:
D:2 ([


Message History

The kobold shouts!
The gnoll is no longer blind.
The gnoll hits you but does no damage. x3
The gnoll hits you with a +0 flail!
You struggle against the net.
The gnoll barely misses you. The gnoll hits you but does no damage.
The gnoll barely misses you. x2
You struggle against the net.
The gnoll hits you with a +0 whip. The gnoll hits you but does no damage.
The gnoll closely misses you. The gnoll hits you but does no damage.
You rip the net and break free!
The gnoll hits you with a +0 club. The gnoll closely misses you.
The gnoll barely misses you. x2
You feel very mighty all of a sudden. The gnoll hits you with a +0 club.
The gnoll hits you with a +0 whip. x2
The gnoll closely misses you.
You slash the gnoll!
The gnoll is heavily wounded.
You slash the gnoll! You barely miss the gnoll. You hit the gnoll.
The gnoll hits you but does no damage. The gnoll completely misses you.
The gnoll barely misses you. The gnoll hits you but does no damage.
You block the gnoll's attack. The gnoll hits you with a +0 whip.
* * * LOW HITPOINT WARNING * * *
The kobold barely misses you. The gnoll misses you.
The gnoll barely misses you.
You slash the gnoll!
The gnoll is almost dead.
You barely miss the gnoll. You slash the gnoll! You closely miss the kobold.
You slash the gnoll!
You kill the gnoll!
The gnoll hits you with a +0 club.
* * * LOW HITPOINT WARNING * * *
The kobold hits you with a +0 short sword.
* * * LOW HITPOINT WARNING * * *
The gnoll hits you but does no damage. x2
You have reached level 4!
You closely miss the gnoll.
The gnoll is almost dead.
You slash the gnoll!
You kill the gnoll!
You closely miss the gnoll. You barely miss the kobold.
You block the kobold's attack. The gnoll hits you with a +0 flail!
You die...

#...# *#....(,,,,,,,,* #...#
##.......,,,,,,,* #...#
#........,,,,,,,* ###...#
#........,,,,,,,* *****.....#
#........,,,,,,,* ,,,,,,#...#
#$(......,,,,,,,*
******#...######>(......,,,,,,,*
* ####.)......))g......,,,,,,,**
***#.......##...@g.<....,,,,,,,,,
.....##..###.....K.....#,,,,,,,,,
####*##.##....##....####****,,,,,
#..##...###.......,,,,,,,,,,
####.###..#**##...###*****,,,,,
###....##...,,,,,.### *,,,,,
.....<......#****## ******
........##### ........#


You could see 2 gnolls and a kobold.

Vanquished Creatures
  2 gnolls (D:2)
  An adder (D:2)
  A worm (D:2)
  A dart slug (D:2)
  3 endoplasms
  A giant cockroach (D:1)
  2 goblins (D:2)
  2 hobgoblins (D:1)
  7 jackals
  5 ball pythons
  4 bats
  2 frilled lizards
  A kobold (D:2)
  5 rats
37 creatures vanquished.

Notes
Turn   | Place    | Note
-------+----------+-------------------------------------------
     0 | D:1      | p00ps00p the Hill Orc Fighter began the quest for the Orb.
     0 | D:1      | Reached XP level 1. HP: 19/19 MP: 1/1
   186 | D:1      | Reached XP level 2. HP: 26/27 MP: 2/2
   725 | D:2      | Found Gibrotun's Antique Armour Shop.
   733 | D:2      | Reached skill level 4 in Fighting
   739 | D:2      | Reached XP level 3. HP: 18/33 MP: 3/3
   824 | D:2      | Found Penifucs's Weapon Emporium.
  1301 | D:2      | Reached XP level 4. HP: 5/40 MP: 4/4
  1301 | D:2      | Slain by a gnoll

Illustrated notes

Levels and vault maps discovered:
D:1:      dpeg_arrival_prison, layout_loops_ring
D:2:      layout_rooms, serial_shops, nicolae_shop_hallway_plus, shop, shop

Skill      XL: |  1  2 |
---------------+-------+-----
Axes           | 3 |  3.6
Fighting       | 4 |  4.3
Armour         | |  3.8
Shields        | |  3.8

Action                   |  1- 3 |  4- 6 || total
-------------------------+-------+-------++-------
Melee: War axe           |    94 |     1 ||    95
Throw: Dart              |     5 |       ||     5
  Use: Scroll            |     3 |       ||     3
       Potion            |     1 |       ||     1
Armor: Scale mail        |    63 |       ||    63
Dodge: Dodged            |    77 |       ||    77
Block: Buckler           |    37 |     1 ||    38

Table legend: (Time is in decaauts)
 A = Elapsed time spent in this place.
 B = Non-inter-level travel time spent in this place.
 C = Inter-level travel time spent in this place.
 D = Time resting spent in this place.
 E = Time spent auto-exploring this place.
 F = Levels seen in this place.
 G = Mean time per level.
                   A        B        C        D        E       F      G
               +--------+--------+--------+--------+--------+-----+--------+
         Total |   1337 |   1303 |     34 |    291 |    687 |   2 |  668.5 |
       Dungeon |   1337 |   1303 |     34 |    291 |    687 |   2 |  668.5 |
               +--------+--------+--------+--------+--------+-----+--------+

Top non-repeatable levels by time:
     D:1: 742 daAuts
     D:2: 595 daAuts
